 Dungeon Crawl Stone Soup version 0.24.0 (webtiles) character file.

Game seed: 282759069473900737, levelgen mode: deterministic

19822 Mrkan the Grappler (level 12, -3/127 HPs)
             Began as a Troll Monk on Oct 25, 2019.
             Was the Champion of Okawaru.
             Slain by a seven-headed hydra (6 damage)
             ... on level 4 of the Lair of Beasts.
             The game lasted 00:28:33 (11188 turns).

Mrkan the Grappler (Troll Monk)                    Turns: 11188, Time: 00:28:33

Health: -3/127     AC: 11    Str: 23    XL:     12   Next: 39%
Magic:  0/11       EV: 11    Int:  6    God:    Okawaru [******]
Gold:   794        SH:  0    Dex: 19    Spells: 11/11 levels left

rFire    + . .     SeeInvis .   e - +3 morningstar (protect)
rCold    + . .     Gourm    +   (no shield)
rNeg     + . .     Faith    .   N - +1 robe {rC+}
rPois    +         Spirit   +   i - +2 hat of the Bear Spirit {Spirit, +Rage rN+ MR++}
rElec    .         Reflect  .   G - scarf {repulsion}
rCorr    .         Harm     .   (gloves unavailable)
MR       ++...     Clarity  +   (boots unavailable)
Stlth    ++........             (no amulet)
HPRegen  0.71/turn              d - +4 ring of dexterity
MPRegen  0.12/turn              w - ring of poison resistance

@: repel missiles
A: large, unfitting armour, claws 3, slimy green scales 1, clarity, fire
resistance 1, fast metabolism 3, gourmand, regeneration 1, shaggy fur 1, tough
skin 3
a: Heroism, Finesse, Renounce Religion, Evoke Berserk Rage


You were on level 4 of the Lair of Beasts.
You worshipped Okawaru.
Okawaru was exalted by your worship.
You were very full.

You visited 2 branches of the dungeon, and saw 14 of its levels.

You collected 794 gold pieces.

Inventory:

Hand Weapons
 e - a +3 morningstar of protection (weapon)
 v - a +0 giant spiked club
 x - a +2 antimagic whip
 B - a +1 whip of flaming
Missiles
 a - 3 silver boomerangs
 p - 423 stones (quivered)
Armour
 i - the +2 hat of the Bear Spirit (worn) {Spirit, +Rage rN+ MR++}
   (Okawaru gifted it to you on level 9 of the Dungeon)

   It protects you from negative energy.
   It affects your resistance to hostile enchantments.
   It lets you go berserk.
 G - a scarf of repulsion (worn)
 H - a +2 animal skin
 N - a +1 robe of cold resistance (worn)
Jewellery
 d - a +4 ring of dexterity (left claw)
 w - a ring of poison resistance (right claw)
 F - an uncursed ring of protection from magic
 L - an uncursed ring of resist corrosion
Wands
 y - a wand of scattershot (11)
 z - a wand of iceblast (12)
 C - a wand of acid (11)
 E - a wand of random effects (29)
 I - a wand of digging (3)
 J - a wand of paralysis (10)
 K - a wand of flame (8)
Scrolls
 c - 2 scrolls of blinking
 f - 6 scrolls of teleportation
 g - 3 scrolls of noise
 j - 3 scrolls of identify
 k - 3 scrolls of remove curse
 r - 2 scrolls of magic mapping
 D - 2 scrolls of amnesia
 M - a scroll of fear
 O - a scroll of holy word {unknown}
Potions
 l - 4 potions of flight
 m - 3 potions of curing
 n - 4 potions of brilliance
 o - a potion of resistance
 q - 2 potions of lignification
 s - 2 potions of berserk rage {unknown}
 t - 5 potions of degeneration {unknown}
 u - 2 potions of mutation
 A - 3 potions of haste
Comestibles
 b - 42 rations


   Skills:
 + Level 10.4 Fighting
 + Level 10.9 Maces & Flails
 - Level 2.4 Dodging
 - Level 1.0 Stealth
 - Level 12.3 Unarmed Combat


You had 11 spell levels left.
You didn't know any spells.
Your spell library contained the following spells:

 Spells                   Type           Power        Failure   Level  Hunger
 Summon Small Mammal      Summ           #...         45%         1    ##.....
 Call Imp                 Summ           #.......     58%         2    ###....
 Call Canine Familiar     Summ           #.......     83%         3    ####...
 Summon Guardian Golem    Hex/Summ       #.......     83%         3    ####...
 Summon Ice Beast         Ice/Summ       #.......     99%         4    #####..
 Summon Lightning Spire   Summ/Air       #.......     99%         4    #####..


Dungeon Overview and Level Annotations

Branches:
Dungeon (10/15)            Temple (0/1) D:5            Lair (4/6) D:10
  Swamp (0/4) Lair:2        Snake (0/4) Lair:3
    Orc: D:9-12

Altars:
Elyvilon
Hepliaklqana
Nemelex Xobeh
Okawaru
Zin

Annotations:
Lair:3 exclusion: 3 oklob plants


Innate Abilities, Weirdness & Mutations

You are too large for most types of armour.
You have claws for hands.
Your metabolism is lightning-fast.
You like to eat raw meat.
Your natural rate of healing is unusually fast.
You are covered in fur. (AC +1)
You have extremely tough skin. (AC +3)
You are partially covered in slimy green scales. (AC +2)
You possess an exceptional clarity of mind.
Your flesh is heat resistant. (rF+)


Message History

The seven-headed hydra barely misses you.
The seven-headed hydra closely misses you.
The seven-headed hydra bites you.
* * * LOW HITPOINT WARNING * * *
The seven-headed hydra bites you.
* * * LOW HITPOINT WARNING * * *
The seven-headed hydra barely misses you.
The seven-headed hydra bites you but does no damage. x2
Found a quick blade and 19 gold pieces.
You feel better. The seven-headed hydra bites you.
* * * LOW HITPOINT WARNING * * *
The seven-headed hydra bites you.
* * * LOW HITPOINT WARNING * * *
The seven-headed hydra bites you.
* * * LOW HITPOINT WARNING * * *
The seven-headed hydra bites you!
* * * LOW HITPOINT WARNING * * *
The seven-headed hydra bites you but does no damage.
The seven-headed hydra bites you.
You die...

......<...≈≈≈≈≈........#.##
.......[...≈≈...............
............................
......PPP#....................
......######...........###....
......# ##.........## .#.#
......# #..$.).....# # ......
#.##...D.....#.#
.......@.....###
##...#..P..### ###########


You could see a seven-headed hydra.

Vanquished Creatures
  3 hydras
  Sonja (D:10)
  Pikel (D:5)
  2 black mambas (Lair:1)
  4 spiny frogs
  5 komodo dragons
  A troll (D:7)
  5 hippogriffs
  A vampire (D:10)
  2 wyverns
  A wraith (D:10)
  13 yaks
  A hungry ghost (D:8)
  Grum (D:8)
  4 nagas (Lair:3)
  9 water moccasins
  11 porcupines
  An ice beast (D:8)
  4 orc warriors
  A necrophage (D:8)
  6 ogres
  A swamp drake (Lair:2)
  2 black bears
  5 sky beasts
  24 wolves
  4 centaurs
  5 crocodiles
  A big kobold (D:10)
  Blork the orc (D:4)
  11 bullfrogs
  A water moccasin zombie (D:8)
  3 scorpions (D:8)
  8 wights
  A howler monkey (D:4)
  4 crimson imps
  A gnoll shaman (D:4)
  3 hounds
  8 orc priests
  A jelly (D:8)
  3 iguanas
  9 orc wizards
  6 worker ants
  2 hound skeletons
  2 howler monkey skeletons
  18 gnolls
  15 adders
  2 shadow imps (D:5)
  An ooze (D:4)
  An adder zombie (D:8)
  2 adder skeletons (D:9)
  2 worms (D:3)
  A dart slug (D:2)
  4 leopard geckos
  43 orcs
  7 giant cockroaches
  7 goblins
  5 hobgoblins
  8 jackals
  3 quokkas
  2 ball pythons (D:2)
  13 bats
  4 frilled lizards
  A jackal skeleton (D:6)
  8 kobolds
  8 rats
  A plant (D:10)
339 creatures vanquished.

Vanquished Creatures (others)
  An orc (D:5)
  2 fungi
  4 plants
7 creatures vanquished.

Grand Total: 346 creatures vanquished

Notes
Turn   | Place    | Note
-------+----------+-------------------------------------------
     0 | D:1      | Mrkan the Troll Monk began the quest for the Orb.
     0 | D:1      | Reached XP level 1. HP: 22/22 MP: 0/0
   135 | D:1      | Reached XP level 2. HP: 29/29 MP: 1/1
   369 | D:1      | Reached skill level 4 in Unarmed Combat
   576 | D:2      | Reached XP level 3. HP: 28/36 MP: 2/2
   848 | D:2      | Found an iron altar of Okawaru.
   856 | D:2      | Found a white marble altar of Elyvilon.
  1111 | D:2      | Became a worshipper of Warmaster Okawaru
  1111 | D:2      | Reached * piety under Okawaru
  1111 | D:2      | Reached ** piety under Okawaru
  1157 | D:3      | Reached XP level 4. HP: 33/44 MP: 3/3
  1196 | D:3      | Reached skill level 5 in Unarmed Combat
  1509 | D:3      | Reached XP level 5. HP: 50/50 MP: 4/4
  1546 | D:3      | Reached skill level 6 in Unarmed Combat
  1873 | D:4      | Noticed an ogre
  1885 | D:4      | Killed an ogre
  1885 | D:4      | Reached XP level 6. HP: 46/59 MP: 2/5
  2028 | D:4      | Reached skill level 7 in Unarmed Combat
  2031 | D:4      | Reached *** piety under Okawaru
  2303 | D:4      | Noticed Blork the orc
  2318 | D:4      | Killed Blork the orc
  2318 | D:4      | Reached skill level 8 in Unarmed Combat
  2318 | D:4      | Reached XP level 7. HP: 46/66 MP: 6/6
  2391 | D:5      | Entered Level 5 of the Dungeon
  2642 | D:5      | Reached skill level 9 in Unarmed Combat
  2772 | D:5      | Found a glowing silver altar of Zin.
  2774 | D:5      | Noticed Pikel
  2784 | D:5      | Killed Pikel
  2784 | D:5      | Reached **** piety under Okawaru
  2784 | D:5      | Reached skill level 10 in Unarmed Combat
  2784 | D:5      | Reached XP level 8. HP: 49/74 MP: 7/7
  2847 | D:5      | Reached ***** piety under Okawaru
  2999 | D:5      | Found a staircase to the Ecumenical Temple.
  3210 | D:6      | Reached skill level 11 in Unarmed Combat
  4005 | D:7      | Received a gift from Okawaru
  4101 | D:7      | Reached XP level 9. HP: 69/80 MP: 8/8
  4217 | D:7      | Reached skill level 12 in Unarmed Combat
  4434 | D:7      | Found a sparkling altar of Nemelex Xobeh.
  4557 | D:7      | Reached skill level 1 in Maces & Flails
  4622 | D:7      | Noticed a troll
  4632 | D:7      | Killed a troll
  4681 | D:7      | Found a hazy altar of Hepliaklqana.
  4823 | D:8      | Noticed Grum
  4841 | D:8      | Killed Grum
  5155 | D:8      | Reached skill level 5 in Fighting
  5214 | D:8      | Reached XP level 10. HP: 96/96 MP: 9/9
  5413 | D:8      | Reached skill level 5 in Maces & Flails
  6411 | D:9      | Received a gift from Okawaru
  6412 | D:9      | Found the +2 hat of the Bear Spirit {Spirit, +Rage rN+
                  | MR++}
  6928 | D:10     | Entered Level 10 of the Dungeon
  7356 | D:10     | Noticed Sonja
  7358 | D:10     | Found a staircase to the Lair.
  7367 | D:10     | Killed Sonja
  7489 | D:10     | Reached XP level 11. HP: 109/109 MP: 10/10
  7801 | Lair:1   | Entered Level 1 of the Lair of Beasts
  8124 | Lair:1   | Noticed a seven-headed hydra
  8143 | Lair:1   | Killed a seven-headed hydra
  8318 | Lair:1   | Reached ****** piety under Okawaru
  8489 | Lair:1   | Noticed a five-headed hydra
  8506 | Lair:1   | Killed a five-headed hydra
  9026 | Lair:1   | Gained mutation: Your spells are a little easier to cast,
                  | but a little less powerful. [potion of mutation]
  9026 | Lair:1   | Gained mutation: You expend magic power (3 MP) to
                  | strengthen your wands. [potion of mutation]
  9026 | Lair:1   | Gained mutation: You evolve. [potion of mutation]
  9277 | Lair:2   | Received a gift from Okawaru
  9333 | Lair:2   | Received a gift from Okawaru
  9544 | Lair:2   | Found a staircase to the Swamp.
  9670 | Lair:2   | Reached skill level 10 in Maces & Flails
  9733 | Lair:2   | Reached XP level 12. HP: 120/124 MP: 9/11
 10250 | Lair:3   | Noticed a five-headed hydra
 10276 | Lair:3   | Killed a five-headed hydra
 10276 | Lair:3   | Reached skill level 10 in Fighting
 10407 | Lair:3   | Found a staircase to the Snake Pit.
 10951 | Lair:3   | Gained mutation: You are clumsy. (Dex -2) [evolution]
 10958 | Lair:3   | Lost mutation: You expend magic power (3 MP) to strengthen
                  | your wands. [potion of mutation]
 10958 | Lair:3   | Lost mutation: You evolve. [potion of mutation]
 10958 | Lair:3   | Lost mutation: Your spells are a little easier to cast, but
                  | a little less powerful. [potion of mutation]
 10958 | Lair:3   | Lost mutation: You are clumsy. (Dex -2) [potion of
                  | mutation]
 10958 | Lair:3   | Gained mutation: Your flesh is heat resistant. (rF+)
                  | [potion of mutation]
 10958 | Lair:3   | Gained mutation: You are partially covered in slimy green
                  | scales. (AC +2) [potion of mutation]
 10958 | Lair:3   | Gained mutation: You possess an exceptional clarity of
                  | mind. [potion of mutation]
 11157 | Lair:4   | Noticed a seven-headed hydra
 11174 | Lair:4   | HP: 4/127 [seven-headed hydra (6)]
 11188 | Lair:4   | HP: 3/127 [seven-headed hydra (7)]
 11188 | Lair:4   | Slain by a seven-headed hydra

Levels and vault maps discovered:
D:1:      ebering_hopf_link, layout_rooms, minivault_23
D:2:      layout_rooms, minitemple, first_ration
D:3:      layout_loops_cross, kennysheep_generic_room_10
D:4:      layout_rooms, solitary_fountain, uniq_blork_the_orc
D:5:      layout_basic, minmay_temple_entry_large_hall, basic_altar, uniq_pikel
D:6:      layout_gridville, palyth_stone_intersect
D:7:      layout_gridville, marbit_many_paths, overflow_temple_1_default,
          serial_glass, glass_columns_c, glass_columns_a
D:8:      layout_basic, uniq_grum
D:9:      layout_grid_maze
D:10:     layout_long_grid, david_lair_shrubbed, blue_anna_alchemist
          [blue_anna_fruit_fields, blue_anna_fruit_fields], uniq_sonja
Lair:1:   layout_cave_pods, grunt_megastairs_3
Lair:2:   layout_regular_city, minmay_swamp_entry_reptiles, lemuel_fruit_fields,
          grunt_megastairs_2, lemuel_fruit_fields, lemuel_fruit_tree,
          infiniplex_staircase_pool_2, lemuel_fruit_fields
Lair:3:   layout_long_grid, minmay_snake_entry_guardpost_small,
          lemuel_fruit_fields, minmay_lair_oklob_chamber
Lair:4:   layout_small_grid, columned_hall_lemuel, infiniplex_staircase_pool
